AoeStats
← Bandolero

Arabia

508667986Analyzed
4v4 RM · 8d ago on Sep 23, 2026· 35m 17s· 8 players
Game mode
Random Map
Map size
Large (8 player)
Population
200
Speed
Normal
Resources
Standard
Victory
Conquest
Starting age
Dark Age
Ending age
Imperial Age
RankedLock teamsTeams togetherTeam positionsShared explorationLock speedFull tech treeHidden civsTurbo modeCheats
Victory
Defeat
🇻🇳 Britons · Vietnam
1595
+16
🇨🇳 Vikings · China
1594
+16
🇦🇷 Franks · Argentina
1570
+17
🇨🇳 Khmer · China
1562
+18
🇦🇷 Maya · Argentina
1658
-19
🇦🇷 Franks · Argentina
1615
-18
🇦🇷 Khmer · Argentina
1588
-16
🇧🇷 Mongols · Brazil
1532
-14
Kant be real
5:51 Loom
8:33 Feudal Age
9:03 Double-Bit Axe
9:14 Horse Collar
21:55 Castle Age
20:48 Forging
21:08 Bloodlines
21:37 Scale Barding Armor
21:30 Gold Mining
22:51 Bow Saw
23:30 Town Watch
27:57 Chain Barding Armor
30:57 Husbandry
~BroKen~
6:58 Loom
9:53 Feudal Age
10:34 Double-Bit Axe
17:10 Scale Barding Armor
20:26 Wheelbarrow
21:26 Forging
26:46 Castle Age
26:52 Light Cavalry
27:32 Husbandry
27:56 Chain Barding Armor
Bandolero
0:26 Loom
9:14 Feudal Age
10:00 Double-Bit Axe
16:33 Fletching
28:11 Castle Age
28:23 Padded Archer Armor
32:21 Crossbowman
Mr Diniz
8:25 Feudal Age
8:29 Man-at-Arms
10:22 Loom
12:39 Fletching
13:15 Padded Archer Armor
15:13 Double-Bit Axe
17:09 Wheelbarrow
16:51 Town Watch
21:51 Castle Age
20:43 Horse Collar
22:33 Bodkin Arrow
21:59 Crossbowman
23:21 Bow Saw
30:29 Leather Archer Armor
33:41 Bloodlines
33:58 Gold Mining
34:52 Thumb Ring
系色望捏
8:31 Feudal Age
9:02 Double-Bit Axe
10:34 Horse Collar
11:02 Loom
16:55 Forging
17:21 Scale Barding Armor
17:59 Scale Barding Armor
18:37 Bloodlines
24:16 Castle Age
22:38 Gold Mining
25:16 Bow Saw
25:28 Chain Barding Armor
24:33 Light Cavalry
25:31 Husbandry
32:39 Iron Casting
34:29 Bow Saw
luanb10
5:44 Loom
8:48 Feudal Age
18:57 Double-Bit Axe
19:58 Fletching
25:40 Castle Age
24:53 Padded Archer Armor
25:44 Crossbowman
26:20 Bodkin Arrow
27:54 Ballistics
29:16 Wheelbarrow
30:09 Leather Archer Armor
30:50 Bow Saw
35:31 Hand Cart
倒挂着的树枝
8:07 Loom
10:11 Feudal Age
10:58 Double-Bit Axe
17:23 Scale Barding Armor
19:16 Forging
25:01 Castle Age
24:26 Gold Mining
26:18 Wheelbarrow
26:10 Chain Barding Armor
25:40 Light Cavalry
34:42 Bow Saw
南良千奈
3:29 Loom
3:52 Loom
6:32 Loom
8:57 Feudal Age
12:22 Fletching
15:47 Padded Archer Armor
22:03 Castle Age
21:47 Gold Mining
21:39 Horse Collar
22:07 Crossbowman
22:51 Bodkin Arrow
24:53 Double-Bit Axe
27:13 Ballistics
27:53 Leather Archer Armor
36:27 Imperial Age
Connection lost

Rejoining the realm…

Still unreachable

The connection could not be restored.

Session expired

The server has moved on; the page needs a fresh start.